 Dungeon Sprint DCSS version 0.30-a0-219-gf2db51d15e (webtiles) character file.

Game seed: 2894053356697386503

2751 rocky1 the Severer (level 9, -2/136 HPs)
             Began as a Hill Orc Fighter on Oct 8, 2022.
             Was an Initiate of Gozag.
             Succumbed to a sea snake's poison
             ... in the Dungeon (Sprint VII: "The Pits").
             The game lasted 00:04:21 (1572 turns).

rocky1 the Severer (Hill Orc Fighter)               Turns: 1572, Time: 00:04:21

Health: -2/136     AC: 20    Str: 23    XL:     9   Next: 68%
Magic:  9/9        EV:  9    Int: 14    God:    Gozag
Gold:   2142       SH:  6    Dex: 13    Spells: 8/8 levels left

rFire   . . .      SeeInvis +    t - +2 war axe (vorpal)
rCold   . . .      Faith    .    c - +0 buckler
rNeg    . . .      Spirit   .    u - +7 chain mail "Keatecim" {Int+3 SInv}
rPois   .          Reflect  .    (no helmet)
rElec   .          Harm     .    (no cloak)
rCorr   .          Rampage  .    (no gloves)
Will    +....      NoTele   +    o - +0 pair of boots of Shielding {Will+ Int+3 Dex+3}
Stlth   ..........               (no amulet)
HPRegen 0.42/turn                (no ring)
MPRegen 0.11/turn                (no ring)

@: berserking (expiring), lethally poisoned (-2 -> -37), gold aura, very quick
A: no striking features
a: Renounce Religion, Potion Petition, Call Merchant, Bribe Branch


You were in the Dungeon.
You worshipped Gozag.
Gozag was most pleased with you.
You visited 1 branch You collected 3474 gold pieces.
You spent 825 gold pieces at shops.
You paid 507 gold pieces to Gozag.

Inventory:

Hand Weapons
 a - a +2 scimitar of flaming
 d - a +5 halberd of freezing
 t - a +2 vorpal war axe (weapon)
Armour
 c - a +0 buckler (worn)
 o - the +0 pair of boots of Shielding (worn) {Will+ Int+3 Dex+3}
   (You bought it in a shop in the Dungeon)

   Int:       It affects your intelligence (+3).
   Dex:       It affects your dexterity (+3).
   Will:      It increases your willpower.
 u - the +7 chain mail "Keatecim" (worn) {Int+3 SInv}
   (You bought it in a shop in the Dungeon)

   Int:       It affects your intelligence (+3).
   SInv:      It lets you see invisible.
Jewellery
 b - a +3 ring of evasion
 n - a +3 ring of protection
Scrolls
 j - a scroll of blinking
 l - 5 scrolls of amnesia
 m - a scroll of summoning
Potions
 e - 6 potions of curing
 f - 9 potions of heal wounds
 g - a potion of haste
 h - 4 potions of magic
 i - a potion of berserk rage
 k - a potion of invisibility
 q - 2 potions of resistance
 r - 4 potions of might
 s - 2 potions of mutation


   Skills:
 + Level 12.4 Fighting
 + Level 18.0 Axes
 + Level 11.9 Armour
 + Level 2.9 Dodging
 + Level 4.1 Stealth
 + Level 7.7 Shields


You had 8 spell levels left.
You didn't know any spells.
Your spell library was empty.

Dungeon Overview and Level Annotations

Branches:
Dungeon (1/1)

Altars:
Ashenzari
Cheibriados
Dithmenos
Elyvilon
Fedhas
Gozag
Hepliaklqana
Kikubaaqudgha
Makhleb
Nemelex Xobeh
Okawaru
Qazlal
Ru
Sif Muna
Trog
Uskayaw
Vehumet
Wu Jian
Xom
Yredelemnul
Zin
The Shining One
Beogh
Jiyva
Lugonu

Shops:
D [


Message History

Unknown command.
You slice the komodo dragon!!
You kill the komodo dragon!
You barely miss the sea snake. The sea snake barely misses you.
Your Axes skill increases to level 17!
Unknown command.
You slice the sea snake!!
The sea snake is moderately wounded.
You closely miss the sea snake.
The sea snake is moderately wounded.
The sea snake bites you!
* * * LOW HITPOINT WARNING * * *
You barely miss the sea snake.
The sea snake is moderately wounded.
The sea snake barely misses you.
You closely miss the sea snake.
The sea snake is moderately wounded.
You slash the sea snake!
The sea snake is severely wounded.
The sea snake bites you!
* * * LOW HITPOINT WARNING * * *
You slash the sea snake!
The sea snake is almost dead.
The sea snake bites you!
* * * LOW HITPOINT WARNING * * *
You are lethally poisoned!
The sea snake poisons you!
You closely miss the sea snake.
The sea snake is almost dead.
* * * LOW HITPOINT WARNING * * *
You feel extremely sick.
You slash the sea snake!
You kill the sea snake!
* * * LOW HITPOINT WARNING * * *
You feel very sick.
Your Fighting skill increases to level 12!
Your Axes skill increases to level 18!
Unknown command.
You die...
Your body crumbles into a pile of gold.

.....)'................+
#'#####......#..#......#
..#..##................#
..#))#####'#####')######
###))##.......##))#####
..#))##.......##))....#
..#.[##.......##....###
'##'###...<...##...##
.....##.......##@.##
.....##.......##..#
#######.......##$$#
..#..###########..+
..#.############..#
..#.#....#..[[##..#
..#)#....#..[[##..#
∩.#.'....'...)##...
[.#'#....#..))##....


There were no monsters in sight!

Vanquished Creatures
  A sea snake (D)
  A komodo dragon (D)
  A tyrant leech (D)
  A wyvern (D)
  6 yaks (D)
  A sky beast (D)
  2 bullfrogs (D)
  A scorpion (D)
  4 wights (D)
  A hound (D)
  5 orc priests (D)
  A gnoll bouda (D)
  2 orc wizards (D)
  A mummy (D)
  4 gnolls (D)
  A river rat (D)
  An ufetubus (D)
  5 orcs (D)
  A bat (D)
  2 endoplasms (D)
  A giant cockroach (D)
  A hobgoblin (D)
  A ball python zombie (D)
  A frilled lizard (D)
  A quokka skeleton (D)
47 creatures vanquished.

Notes
Turn   | Place    | Note
-------+----------+-------------------------------------------
     0 | D        | rocky1 the Hill Orc Fighter began the quest for the Orb.
     0 | D        | Reached XP level 1. HP: 19/19 MP: 1/1
    22 | D        | Reached skill level 3 in Axes
    22 | D        | Reached XP level 2. HP: 4/28 MP: 2/2
   341 | D        | Found a bloodstained altar of Trog.
   341 | D        | Found a shimmering blue altar of Sif Muna.
   341 | D        | Found a viscous altar of Jiyva.
   341 | D        | Found a hazy altar of Hepliaklqana.
   341 | D        | Found an opulent altar of Gozag.
   342 | D        | Found a glowing golden altar of the Shining One.
   342 | D        | Found a glowing silver altar of Zin.
   342 | D        | Found a basalt altar of Yredelemnul.
   342 | D        | Found a shimmering altar of Xom.
   342 | D        | Found an ornate altar of the Wu Jian Council.
   342 | D        | Found a sacrificial altar of Ru.
   342 | D        | Found a stormy altar of Qazlal.
   342 | D        | Found an iron altar of Okawaru.
   342 | D        | Found a sparkling altar of Nemelex Xobeh.
   342 | D        | Found a burning altar of Makhleb.
   342 | D        | Found a blossoming altar of Fedhas.
   342 | D        | Found a white marble altar of Elyvilon.
   342 | D        | Found a shadowy altar of Dithmenos.
   342 | D        | Found a snail-covered altar of Cheibriados.
   345 | D        | Found a corrupted altar of Lugonu.
   345 | D        | Found a radiant altar of Vehumet.
   345 | D        | Found a roughly hewn altar of Beogh.
   346 | D        | Found an ancient bone altar of Kikubaaqudgha.
   346 | D        | Found a hide-covered altar of Uskayaw.
   346 | D        | Found a broken altar of Ashenzari.
   349 | D        | Became a worshipper of Gozag Ym Sagoz the Greedy
   373 | D        | Noticed a scorpion
   379 | D        | Killed a scorpion
   380 | D        | Reached skill level 4 in Axes
   380 | D        | Reached skill level 5 in Armour
   380 | D        | Reached skill level 5 in Shields
   380 | D        | Reached XP level 3. HP: 21/37 MP: 3/3
   380 | D        | Reached XP level 4. HP: 25/44 MP: 4/4
   562 | D        | Reached skill level 5 in Axes
   787 | D        | Reached skill level 6 in Axes
   787 | D        | Reached skill level 1 in Stealth
   787 | D        | Reached XP level 5. HP: 52/52 MP: 5/5
   802 | D        | Reached skill level 7 in Axes
   804 | D        | Reached skill level 1 in Dodging
   810 | D        | Reached skill level 8 in Axes
   810 | D        | Reached XP level 6. HP: 25/61 MP: 6/6
   815 | D        | Reached skill level 9 in Axes
   827 | D        | Reached skill level 10 in Axes
   977 | D        | Noticed a sky beast
   987 | D        | Killed a sky beast
   988 | D        | Reached skill level 11 in Axes
   988 | D        | Reached XP level 7. HP: 64/69 MP: 7/7
  1008 | D        | Bought a pair of slimy boots for 275 gold pieces
  1008 | D        | Identified the +0 pair of boots of Shielding {Will+ Int+3
                  | Dex+3} (You bought it in a shop in the Dungeon)
  1008 | D        | Bought a heavily runed chain mail for 275 gold pieces
  1008 | D        | Identified the +5 chain mail of Conav {Int+3} (You bought
                  | it in a shop in the Dungeon)
  1040 | D        | Noticed a wyvern
  1046 | D        | Killed a wyvern
  1047 | D        | Reached skill level 12 in Axes
  1193 | D        | Reached skill level 13 in Axes
  1224 | D        | Noticed a yak
  1224 | D        | Noticed a yak
  1224 | D        | Noticed a yak
  1224 | D        | Noticed a yak
  1224 | D        | Noticed a yak
  1224 | D        | Noticed a yak
  1224 | D        | Noticed a tyrant leech
  1241 | D        | Killed a yak
  1242 | D        | Reached skill level 10 in Armour
  1242 | D        | Reached XP level 8. HP: 70/79 MP: 8/8
  1248 | D        | Killed a yak
  1249 | D        | Reached skill level 10 in Fighting
  1249 | D        | Reached skill level 14 in Axes
  1253 | D        | Killed a yak
  1266 | D        | Killed a tyrant leech
  1267 | D        | Reached skill level 15 in Axes
  1271 | D        | Killed a yak
  1272 | D        | Killed a yak
  1273 | D        | Reached skill level 16 in Axes
  1273 | D        | Reached XP level 9. HP: 68/89 MP: 9/9
  1455 | D        | Bought a faintly humming chain mail for 275 gold pieces
  1455 | D        | Identified the +7 chain mail "Keatecim" {Int+3 SInv} (You
                  | bought it in a shop in the Dungeon)
  1549 | D        | Noticed a komodo dragon
  1555 | D        | Noticed a sea snake
  1563 | D        | Killed a komodo dragon
  1564 | D        | Reached skill level 17 in Axes
  1571 | D        | Killed a sea snake
  1571 | D        | HP: 4/135 [poisoned by a sea snake]
  1572 | D        | Reached skill level 18 in Axes
  1572 | D        | Succumbed to a sea snake's poison

Illustrated notes

Levels and vault maps discovered:
D:        pitsprint [storerooms_1, entrance_room_1, metal_vault_6, armoury_2,
          mini_pit_1, grid_room_1, main_hall_1, silver_pit, the_coven_1,
          the_vestibule_1, steel_vault_3, golden_pit, hallway_of_sentries,
          crystal_vault_6, iron_vault_2, final_vault]

Skill      XL: |  1  2  3  4  5  6  7  8  9 |
---------------+----------------------------+-----
Fighting       | 4 6 7 8 9 11 12 | 12.4
Axes           | 3 4 6 8 11 13 16 18 | 18.0
Armour         | 4 5 6 7 8 10 11 | 11.9
Shields        | 4 5 6 7 |  7.7
Stealth        | 1 2 3 4 |  4.1
Dodging        | 1 2 |  2.9

Action                   |  1- 3 |  4- 6 |  7- 9 || total
-------------------------+-------+-------+-------++-------
Melee: War axe           |    18 |    53 |   113 ||   184
Invok: Call Merchant     |       |       |     1 ||     1
  Use: Potion            |       |     3 |     2 ||     5
 Stab: Distracted        |     1 |       |     1 ||     2
       Invisible         |       |     1 |       ||     1
Armor: Scale mail        |     5 |     7 |       ||    12
       Chain mail        |       |    14 |    28 ||    42
Dodge: Dodged            |     9 |    14 |    23 ||    46
Block: Buckler           |     4 |     8 |    11 ||    23

Table legend: (Time is in decaauts)
 A = Elapsed time spent in this place.
 B = Non-inter-level travel time spent in this place.
 C = Inter-level travel time spent in this place.
 D = Time resting spent in this place.
 E = Time spent auto-exploring this place.
 F = Levels seen in this place.
 G = Mean time per level.
                   A        B        C        D        E       F      G
               +--------+--------+--------+--------+--------+-----+--------+
         Total |   1573 |   1554 |     19 |    985 |      0 |   1 | 1573.0 |
       Dungeon |   1573 |   1554 |     19 |    985 |      0 |   1 | 1573.0 |
               +--------+--------+--------+--------+--------+-----+--------+

Top non-repeatable levels by time:
       D: 1573 daAuts
